 Dungeon Crawl Stone Soup version 0.26-a0-611-g354ed81 (webtiles) character file.

Game seed: 3917856598439050699

32 Boetheseconed the Grasshopper (level 2, -2/24 HPs)
             Began as a Demigod Warper on Sept 7, 2020.
             Slain by a worker ant (4 damage)
             ... on level 2 of the Dungeon.
             The game lasted 00:01:25 (1075 turns).

Boetheseconed the Grasshopper (Demigod Warper)      Turns: 1075, Time: 00:01:25

Health: -2/24      AC:  3    Str: 14    XL:     2   Next: 96%
Magic:  7/7        EV: 12    Int: 17    God:
Gold:   29         SH:  0    Dex: 15    Spells: 5/5 levels left

rFire    . . .     SeeInvis .   a - +0 falchion
rCold    . . .     Faith    .   (no shield)
rNeg     . . .     Spirit   .   b - +0 leather armour
rPois    .         Reflect  .   (no helmet)
rElec    .         Harm     .   (no cloak)
rCorr    .                      (no gloves)
MR       .....                  (no boots)
Stlth    +.........             (no amulet)
HPRegen  0.08/turn              (no ring)
MPRegen  0.10/turn              (no ring)

@: lethally poisoned (-2 -> -10)
A: high mp 1
a: no special abilities


You were on level 2 of the Dungeon.
You visited 1 branch of the dungeon, and saw 2 of its levels.

You collected 29 gold pieces.

Inventory:

Hand Weapons
 a - a +0 falchion (weapon)
Missiles
 e - 5 boomerangs of dispersal (quivered)
Armour
 b - a +0 leather armour (worn)
Scrolls
 c - a scroll of identify
 d - 2 scrolls of blinking
 f - a scroll of remove curse
 g - a scroll of enchant armour {unknown}


   Skills:
 + Level 2.1 Fighting
 + Level 2.1 Long Blades
 + Level 1.1 Throwing
 + Level 1.2 Armour
 + Level 2.1 Dodging
 + Level 2.0 Spellcasting
   Level 2.6 Translocations


You had 5 spell levels left.
You didn't know any spells.
Your spell library contained the following spells:

 Spells                   Type           Power        Failure   Level
 Blink                    Tloc           N/A          12%         2
 Gell's Gravitas          Tloc           ##........   24%         3
 Lesser Beckoning         Tloc           ##........   24%         3
 Teleport Other           Tloc           ##......     24%         3
 Passage of Golubria      Tloc           N/A          61%         4


Dungeon Overview and Level Annotations

Branches:
Dungeon (2/15)


Innate Abilities, Weirdness & Mutations

You have an increased reservoir of magic. (+10% MP)


Message History

It is a scroll of identify.
f - a scroll of remove curse The worker ant misses you.
The rat barely misses you.
You riposte.
You hit the rat.
You kill the rat!
You hit the worker ant.
The worker ant is lightly wounded.
The worker ant bites you.
* * * LOW HITPOINT WARNING * * *
You are lethally poisoned!
The worker ant poisons you! The worker ant closely misses you.
You hit the worker ant.
The worker ant is moderately wounded.
* * * LOW HITPOINT WARNING * * *
You feel sick. The worker ant misses you.
You closely miss the worker ant.
The worker ant is moderately wounded.
* * * LOW HITPOINT WARNING * * *
You feel sick. The worker ant barely misses you. The worker ant bites you.
You die...

... .. ..# ..##..
..# . .... #..# ..
#..# ##..## ...
#..# ##....####
....###..###...#
...
#.......†..#.#..#
#....a†....#.#..#
....###.@###......#
#.. #..#
##..##.##.## . #..#
##......... ....
#.....#.## ..##..
#...##.# ...
........ .. <...
..####### #.. .....
#.# .


You could see a worker ant.

Vanquished Creatures
  3 dart slugs
  A leopard gecko (D:1)
  2 bats (D:1)
  6 goblins (D:1)
  4 hobgoblins
  3 kobolds (D:1)
  5 rats
24 creatures vanquished.

Notes
Turn   | Place    | Note
-------+----------+-------------------------------------------
     0 | D:1      | Boetheseconed the Demigod Warper began the quest for the
                  | Orb.
     0 | D:1      | Reached XP level 1. HP: 17/17 MP: 5/5
    82 | D:1      | Reached skill level 1 in Throwing
   191 | D:1      | Reached XP level 2. HP: 24/24 MP: 7/7
   992 | D:1      | Reached skill level 1 in Armour
  1047 | D:1      | You fall into a shaft and drop 1 floor!
  1075 | D:2      | Slain by a worker ant

Illustrated notes

Levels and vault maps discovered:
D:1:      mrwooster_arrival_statue_3, layout_loops_cross
D:2:      layout_basic, fedhas_altar_3, serial_curves, eino_curves_01,
          eino_curves_02, palyth_stone_intersect, uniq_natasha

Skill      XL: |  1  2 |
---------------+-------+-----
Dodging        | 2 |  2.1
Throwing       | 1 |  1.1
Long Blades    | 2 |  2.1
Spellcasting   | 2 |  2.0
Fighting       | 2 |  2.1
Armour         | 1 |  1.2
Translocations | |  2.6

Action                   || total
-------------------------++-------
Melee: Falchion          ||    58
  Use: Scroll            ||     1
Armor: Leather armour    ||    23
Dodge: Dodged            ||    58
       Rpst.: Falchion   ||    24

Table legend: (Time is in decaauts)
 A = Elapsed time spent in this place.
 B = Non-inter-level travel time spent in this place.
 C = Inter-level travel time spent in this place.
 D = Time resting spent in this place.
 E = Time spent auto-exploring this place.
 F = Levels seen in this place.
 G = Mean time per level.
                   A        B        C        D        E       F      G
               +--------+--------+--------+--------+--------+-----+--------+
         Total |   1086 |   1083 |      3 |      0 |    891 |   2 |  543.0 |
       Dungeon |   1086 |   1083 |      3 |      0 |    891 |   2 |  543.0 |
               +--------+--------+--------+--------+--------+-----+--------+

Top non-repeatable levels by time:
     D:1: 1056 daAuts
     D:2: 29 daAuts
